Map: King's Cove LE

Players

Reynor - Winner!

  • Race: Zerg Zerg
  • League: Master
  • Spawn Location: 11:00

DnS

  • Race: Protoss Protoss
  • Spawn Location: 5:00

Event: 2019 WCS Winter Europe

VOD

Have the link to the VOD?

Description

Time

  • Played on: Feb. 8, 2019, 12:09 p.m.
  • Length: 19:02

All games in this series

Show
View Real Time Build Order
Export as new Build Order

Reynor Zerg - Winner!

Build Orders: Hatch First, Lurkers 

Get SALT Encoding   

  12  0:01  Drone  
  13  0:12  Overlord  
  13  0:18  Drone  
  14  0:31  Drone x2  
  16  0:50  Hatchery  
  16  0:53  Drone  
  16  0:56  Drone  
  17  1:00  Drone  
  18  1:12  Extractor  
  18  1:17  Spawning Pool  
  16  1:20  Drone  
  16  1:23  Drone  
  18  1:28  Drone  
  19  1:38  Drone  
  20  1:49  Overlord  
  20  2:03  Zergling x4  
  20  2:04  Queen  
  20  2:05  Queen  
  26  2:11  Drone  
  26  2:13  Drone  
  28  2:21  Drone  
  29  2:36  Hatchery  
  28  2:37  Metabolic Boost  
  28  2:40  Drone  
  28  2:43  Drone  
  30  2:46  Drone  
  30  2:49  Drone  
  32  2:54  Overlord  
  32  2:56  Drone  
  33  2:59  Drone  
  34  3:08  Drone x2  
  36  3:13  Drone x2  
  36  3:16  Overlord  
  36  3:17  Drone  
  36  3:18  Drone  
  40  3:22  Queen  
  42  3:28  Drone x2  
  44  3:36  Spore Crawler  
  44  3:40  Lair  
  43  3:42  Drone x2  
  45  3:50  Drone  
  45  3:51  Overlord, Queen  
  45  3:52  Drone  
  45  3:53  Drone  
  50  3:59  Zergling x4  
  52  4:05  Zergling x2  
  52  4:06  Roach Warren  
  51  4:10  Zergling x2  
  51  4:11  Drone x3  
  51  4:15  Overlord  
  55  4:19  Drone x2  
  55  4:24  Extractor x2  
  56  4:25  Spore Crawler, Zergling x2  
  56  4:26  Zergling x2  
  56  4:29  Drone  
  56  4:30  Zergling x6  
  60  4:32  Drone  
  61  4:39  Overseer  
  61  4:40  Drone  
  61  4:41  Queen  
  61  4:42  Overlord  
  64  4:58  Roach x5  
  72  5:03  Roach x2  
  72  5:08  Drone x6  
  72  5:12  Drone  
  72  5:13  Drone  
  80  5:15  Drone  
  81  5:24  Overlord  
  81  5:26  Glial Reconstitution, Drone  
  81  5:28  Overlord  
  82  5:34  Extractor  
  81  5:35  Evolution Chamber  
  81  5:36  Drone x2  
  82  5:45  Roach  
  82  5:46  Overlord  
  82  5:49  Roach x4  
  87  5:55  Drone x2  
  87  5:56  Drone  
  88  5:58  Drone  
  88  6:01  Overlord  
  88  6:03  Drone, Zerg Missile Weapons Level 1  
  89  6:05  Drone x2  
  89  6:06  Overlord  
  89  6:07  Drone x3  
  89  6:08  Overseer  
  94  6:13  Roach  
  94  6:18  Overlord  
  96  6:21  Spore Crawler  
  96  6:22  Roach  
  101  6:25  Roach x2  
  101  6:26  Roach x2  
  105  6:34  Overlord, Drone x3  
  105  6:35  Drone  
  105  6:38  Extractor  
  108  6:42  Drone x4  
  108  6:44  Roach, Extractor  
  113  6:49  Overlord, Overseer  
  113  6:52  Overseer  
  113  6:54  Overseer  
  113  6:56  Roach x4  
  113  6:57  Spire  
  113  7:00  Overlord  
  120  7:08  Roach x5  
  128  7:13  Overseer  
  128  7:14  Drone x4  
  131  7:17  Drone  
  131  7:19  Drone  
  133  7:24  Roach x2  
  133  7:25  Roach  
  133  7:26  Overlord  
  139  7:31  Overlord  
  139  7:43  Overlord x2  
  139  7:45  Hatchery  
  138  8:09  Roach x3  
  144  8:26  Roach x12  
  152  8:28  Overlord  
  114  8:42  Mutalisk  
  114  8:43  Mutalisk x7  
  114  8:45  Queen  
  114  8:46  Mutalisk x3  
  133  8:49  Roach  
  126  8:57  Roach x2  
  126  8:59  Roach  
  132  9:05  Roach  
  132  9:09  Roach  
  132  9:17  Roach  
  132  9:18  Roach x2  
  132  9:22  Roach x4  
  132  9:23  Ravager  
  147  9:27  Ravager  
  147  9:28  Roach x2  
  152  9:37  Roach x2  
  152  9:38  Roach x4  
  164  9:51  Roach x3  
  164  9:52  Overlord x2  
  168  9:53  Overlord  
  168  9:54  Zerg Missile Weapons Level 2  
  168  10:04  Overlord  
  164  10:16  Drone  
  164  10:17  Hydralisk Den  
  156  10:23  Drone  
  156  10:24  Drone x6  
  156  10:25  Extractor  
  152  10:51  Hydralisk x5  
  152  10:52  Hydralisk x13  
  186  11:02  Grooved Spines  
  186  11:03  Hydralisk x2  
  184  11:05  Drone x3  
  184  11:06  Drone  
  186  11:18  Hydralisk x5  
  184  11:20  Drone x3  
  197  11:30  Hatchery  
  196  11:37  Hydralisk x3  
  200  11:41  Lurker Den  
  199  11:51  Drone  
  199  11:53  Extractor  
  199  12:13  Muscular Augments  
  195  12:28  Hydralisk x3  
  195  12:29  Hydralisk x7  
  197  12:30  Queen  
  197  12:37  Hydralisk x6  
  190  12:41  Roach x4  
  190  12:42  Roach  
  188  12:45  Roach x9  
  188  12:47  Queen  
  186  12:51  Hydralisk x2  
  168  12:59  Hydralisk x4  
  168  13:03  Hydralisk  
  178  13:06  Queen  
  180  13:14  Hydralisk x4  
  180  13:15  Zergling x4  
  180  13:19  Hydralisk  
  190  13:22  Hydralisk  
  190  13:23  Hydralisk  
  190  13:26  Overseer  
  190  13:28  Zergling x2  
  190  13:29  Zergling x8  
  195  13:35  Zergling x4  
  195  13:36  Lurker  
  195  13:37  Overlord  
  195  13:40  Pneumatized Carapace  
  198  13:46  Overlord  
  198  13:57  Lurker  
  198  13:58  Lurker  
  186  14:17  Drone x8  
  186  14:18  Drone x2  
  186  14:20  Queen  
  186  14:22  Infestation Pit  
  191  14:25  Lurker x2  
  191  14:26  Lurker x4  
  197  14:33  Roach  
  188  14:46  Hydralisk  
  188  14:47  Hydralisk x8  
  197  14:55  Roach  
  198  15:01  Roach x2  
  198  15:12  Roach  
  198  15:13  Roach x9  
  194  15:16  Hydralisk x3, Zergling x4  
  194  15:17  Zergling x2  
  173  15:24  Hydralisk x6  
  181  15:28  Lurker x2  
  181  15:29  Drone x2  
  185  15:37  Hydralisk x4  
  190  15:43  Lurker  
  191  15:51  Zergling x6, Hive  
  191  15:52  Zergling x6  
  196  15:59  Lurker x2  
  196  16:03  Zergling x2  
  199  16:05  Overlord  
  199  16:11  Extractor  
  198  16:30  Lurker  
  193  16:38  Spore Crawler x2  
  191  16:41  Spine Crawler  
  191  16:42  Spore Crawler  
  187  16:59  Hydralisk x6  
  187  17:00  Hydralisk x4  
  199  17:05  Overlord  
  197  17:13  Greater Spire  
  196  17:17  Lurker x2  
  196  17:22  Hydralisk x4  
  190  17:26  Lurker  
  199  17:36  Hydralisk x3  
  199  17:37  Hydralisk x3  
  194  17:47  Corruptor x5  
  194  17:49  Spore Crawler  
  194  17:50  Spore Crawler  
  174  17:56  Spore Crawler  
  171  17:58  Queen  
  171  18:04  Zergling x12  
  181  18:06  Overseer  
  167  18:23  Extractor  
  167  18:25  Brood Lord x4  
  164  18:27  Zergling x20  
  164  18:28  Zergling x6  
  164  18:34  Brood Lord  
Show
View Real Time Build Order
Export as new Build Order

DnS Protoss 

Build Orders: 1 Gate Expand, Archon Immortal, Archon Drop, Dark Templar Rush 

Get SALT Encoding   

  12  0:00  Probe  
  13  0:12  Probe  
  14  0:19  Pylon  
  14  0:25  Probe  
  15  0:33  Probe  
  15  0:40  Gateway  
  15  0:41  Probe  
  16  0:47  Assimilator  
  17  0:51  Probe  
  18  1:03  Probe  
  19  1:15  Probe  
  20  1:25  Nexus  
  20  1:35  Cybernetics Core  
  20  1:37  Probe  
  21  1:45  Assimilator  
  21  1:49  Probe  
  21  1:53  Pylon  
  22  2:01  Probe, Adept  
  23  2:14  Probe  
  26  2:21  Twilight Council  
  26  2:26  Probe  
  26  2:27  Warp Gate  
  27  2:33  Probe  
  27  2:34  Stalker  
  27  2:35  Probe  
  29  2:41  Probe  
  29  2:43  Probe  
  32  2:52  Probe x2  
  34  3:01  Probe, Robotics Facility  
  34  3:04  Probe  
  36  3:10  Probe  
  36  3:16  Probe  
  36  3:18  Probe  
  38  3:20  Dark Shrine  
  38  3:26  Gateway  
  39  3:28  Probe  
  39  3:32  Probe  
  41  3:37  Gateway  
  41  3:38  Warp Prism  
  41  3:41  Gateway  
  41  3:42  Probe  
  42  3:53  Pylon  
  44  3:57  Probe x2  
  44  4:01  Assimilator  
  46  4:06  Assimilator, Warp Prism  
  46  4:11  Probe x2  
  50  4:23  Probe x2  
  52  4:24  Pylon  
  52  4:26  Pylon  
  52  4:42  Dark Templar x4  
  60  4:48  Probe  
  59  5:10  Nexus  
  59  5:12  Pylon  
  59  5:16  Archon  
  59  5:18  Dark Templar  
  59  5:19  Zealot x3  
  67  5:22  Archon  
  67  5:23  Probe  
  67  5:24  Probe  
  67  5:25  Observer  
  70  5:30  Shield Battery  
  70  5:32  Forge  
  70  5:36  Probe x2  
  72  5:43  Protoss Ground Weapons Level 1  
  72  5:46  Immortal  
  76  5:50  Probe  
  73  5:57  Charge  
  73  5:58  Sentry x2  
  73  6:01  Probe  
  76  6:06  Probe  
  77  6:13  Probe  
  77  6:17  Pylon  
  78  6:22  Immortal, Probe  
  83  6:28  Probe  
  84  6:36  Dark Templar x3  
  84  6:38  Probe x2  
  92  6:42  Dark Templar, Archon  
  92  6:43  Probe  
  92  6:46  Archon  
  95  6:50  Probe  
  95  6:51  Probe  
  95  6:53  Pylon  
  97  6:55  Probe, Pylon  
  98  7:02  Assimilator, Probe  
  98  7:03  Immortal, Probe, Assimilator  
  98  7:07  Probe  
  105  7:23  Stalker x2  
  105  7:24  Probe x2  
  105  7:25  Probe  
  112  7:30  Gateway  
  112  7:31  Gateway  
  112  7:34  Gateway  
  112  7:35  Templar Archives  
  112  7:36  Probe x2  
  114  7:39  Zealot  
  114  7:40  Pylon x2  
  114  7:41  Gateway  
  116  7:48  Immortal, Pylon  
  116  7:55  Photon Cannon  
  116  7:57  Photon Cannon  
  116  7:58  Photon Cannon  
  120  8:01  Dark Templar x2  
  120  8:05  Dark Templar, Archon  
  124  8:09  Dark Templar  
  114  8:27  Zealot x2  
  114  8:34  Zealot x3  
  110  8:37  Probe x3  
  110  8:39  Immortal  
  112  8:44  Dark Templar x3  
  116  8:52  Probe  
  116  8:53  Probe  
  108  8:56  Zealot x5  
  118  9:02  Protoss Ground Weapons Level 2  
  112  9:11  Probe x3  
  112  9:16  Photon Cannon  
  111  9:20  Dark Templar  
  111  9:21  High Templar x4  
  121  9:25  Archon x3  
  121  9:28  Archon  
  121  9:32  Probe  
  121  9:39  Stalker x3  
  126  9:54  Probe x2  
  126  9:55  Probe  
  127  10:00  Warp Prism  
  127  10:01  Pylon  
  127  10:02  Stalker x3  
  127  10:03  Blink  
  127  10:06  Stalker x2  
  131  10:14  High Templar x2  
  129  10:21  Archon  
  129  10:22  Stalker  
  129  10:25  Stalker  
  130  10:30  Stalker x2  
  132  10:39  Probe x2  
  129  10:51  Dark Templar, Sentry  
  129  10:53  Zealot x2  
  133  10:59  Stalker  
  133  11:00  Stalker  
  137  11:05  Probe x2  
  137  11:06  Probe  
  139  11:12  Zealot x2  
  139  11:16  Observer  
  142  11:22  Probe x2  
  142  11:23  Probe  
  144  11:27  Stalker  
  144  11:28  Stalker x2, Observer  
  144  11:31  Pylon  
  148  11:34  Probe, Pylon  
  148  11:36  Pylon  
  149  11:46  Photon Cannon  
  149  11:52  Cybernetics Core  
  150  11:56  Pylon  
  149  12:05  High Templar x4  
  149  12:06  Zealot x4  
  149  12:20  Zealot x8  
  159  12:33  Protoss Ground Weapons Level 3  
  149  12:43  Psionic Storm, Zealot x8  
  111  12:53  Immortal  
  101  13:10  High Templar x4  
  101  13:11  High Templar x4  
  111  13:22  Immortal  
  111  13:26  Archon  
  111  13:27  Archon  
  115  13:44  Zealot, Robotics Facility  
  115  13:47  Nexus  
  117  13:49  High Templar x2  
  117  13:50  High Templar x2  
  117  13:51  Zealot x3, Pylon  
  117  13:54  Archon  
  131  13:56  Immortal  
  131  14:02  Photon Cannon, Shield Battery  
  128  14:14  Zealot x3, Dark Templar  
  126  14:21  Immortal  
  120  14:28  Zealot  
  120  14:29  High Templar x2  
  120  14:30  Zealot  
  132  14:33  Archon  
  130  14:45  Zealot x3  
  130  14:52  Zealot x3  
  130  15:01  Immortal  
  130  15:04  Observer  
  133  15:07  High Templar x2  
  133  15:12  Zealot x4, Archon  
  123  15:27  Zealot  
  121  15:34  Immortal  
  121  15:38  Zealot x4  
  131  15:54  Zealot, High Templar x2  
  131  15:56  Nexus  
  138  15:57  Observer  
  138  16:08  High Templar  
  138  16:09  High Templar x3  
  146  16:12  Archon  
  146  16:14  Archon x2  
  146  16:24  Zealot  
  140  16:35  High Templar x2  
  140  16:37  Nexus  
  144  16:42  Zealot x4  
  152  16:48  Dark Templar  
  146  17:07  Zealot x3  
  151  17:08  Archon  
  151  17:21  Pylon  
  151  17:23  Observer  
  151  17:24  Zealot x2  
  147  17:30  Zealot x3  
  137  18:00  High Templar x2  
  137  18:01  High Templar x3  
  137  18:02  Observer  
  122  18:14  Observer  
Tags
 
Add a new tag
Caveats
  • Supply blocks, unpowered buildings, or Contaminate may cause inaccurate times.
  • Supply counts are checked every 10 seconds.